 Seeded DCSS version 0.30-a0-368-g86fb4627a9 (webtiles) character file.

Game seed: 4866231847754521613 (custom seed)

252 purpskrrrp the Conjurer (level 5, -6/28 HPs)
             Began as a Deep Elf Conjurer on Nov 18, 2022.
             Killed by nerve-wracking pain
             ... invoked by Grinder
              (10 damage)
             ... on level 4 of the Dungeon.
             The game lasted 00:09:46 (4400 turns).

purpskrrrp the Conjurer (Deep Elf Conjurer)         Turns: 4400, Time: 00:09:46

Health: -6/28      AC:  4    Str:  4    XL:     5   Next: 89%
Magic:  0/14       EV: 13    Int: 32    God:
Gold:   280        SH:  0    Dex: 13    Spells: 8/14 levels left

rFire   x . .      SeeInvis +    i - +0 great mace (flame)
rCold   . . .      Faith    .    (shield currently unavailable)
rNeg    . . .      Spirit   +    a - +2 robe
rPois   .          Reflect  .    (helmet restricted)
rElec   .          Harm     .    (no cloak)
rCorr   .          Rampage  .    (no gloves)
Will    .....                    (no boots)
Stlth   +++.......               q - amulet of Koymell {Spirit rF- Int+7 Stlth+}
HPRegen 0.24/turn                k - ring of see invisible
MPRegen 0.14/turn                (no ring)

@: no status effects
A: horns 1, talons 1, evolution 1
a: no special abilities


You were on level 4 of the Dungeon.
You visited 1 branch of the dungeon, and saw 4 of its levels.

You collected 280 gold pieces.

Inventory:

Hand Weapons
 i - a +0 great mace of flaming (weapon)
Armour
 a - a +2 robe (worn)
Jewellery
 j - a ring of ice
 k - a ring of see invisible (left hand)
 q - the amulet of Koymell (around neck) {Spirit rF- Int+7 Stlth+}
   (You acquired it on level 2 of the Dungeon)

   [amulet of guardian spirit]

   It causes incoming damage to be divided between your reserves of health and
   magic.
   Int:       It affects your intelligence (+7).
   rF:        It makes you vulnerable to fire.
   Stlth:     It makes you more stealthy.
Wands
 m - a wand of flame (15)
Scrolls
 f - 3 scrolls of teleportation
 h - a scroll of magic mapping
 s - a scroll of amnesia
 t - a scroll of torment
Potions
 b - a potion of magic
 c - 2 potions of mutation
 d - 2 potions of degeneration
 e - a potion of resistance {unknown}
 g - a potion of invisibility {unknown}
 l - 3 potions of lignification
 p - 2 potions of attraction


   Skills:
 + Level 4.6 Dodging
 - Level 2.4 Stealth
 + Level 5.4 Spellcasting
 + Level 5.8 Conjurations


You had 8 spell levels left.
You knew the following spells:

 Your Spells              Type           Power      Damage    Failure   Level
a - Magic Dart            Conj           100%       1d8       1%          1
b - Searing Ray           Conj           90%        2d7       1%          2
c - Hailstorm             Conj/Ice       27%        3d7       4%          3

Your spell library contained the following spells:

 Spells                   Type           Power      Damage    Failure   Level
 Freeze                   Ice            32%        1d5       4%          1
 Dazzling Flash           Conj/Hex       54%        N/A       4%          3
 Gell's Gravitas          Tloc           8%         N/A       14%         3
 Lesser Beckoning         Tloc           16%        N/A       14%         3
 Teleport Other           Tloc           8%         N/A       14%         3
 Fulminant Prism          Conj/Hex       13%        3d8       14%         4
 Iskenderun's Mystic Bla  Conj/Tloc      27%        2d7       14%         4
 Animate Armour           Summ/Erth      16%        N/A       43%         4
 Ice Form                 Ice/Tmut       8%         N/A       43%         4
 Summon Ice Beast         Ice/Summ       8%         N/A       43%         4
 Blade Hands              Tmut           4%         N/A       80%         5
 Metabolic Englaciation   Hex/Ice        4%         N/A       80%         5
 Iron Shot                Conj/Erth      13%        9d3       92%         6
 Simulacrum               Ice/Necr       4%         N/A       100%        6
 Ozocubu's Refrigeration  Ice            4%         4d8       100%        7


Dungeon Overview and Level Annotations

Branches:
Dungeon (4/15)
 Temple: D:4-7

Altars:
Hepliaklqana

Annotations:
D:4 Grinder


Innate Abilities, Weirdness & Mutations

You have a pair of small horns on your head.
You have sharp toenails.
You have hidden genetic potential.


Message History

A cannonade of hail descends around you!
The hail misses Grinder.
Casting: Hailstorm (dangerous; 4% risk of failure)
Confirm with . or Enter, or press ? or * to list all spells.
Aiming: Searing Ray (safe; 1% risk of failure)
Press: ? - help, Shift-Dir - straight line, f - Grinder
Aim: Grinder (moderately wounded, 80% to hit)
The searing ray misses Grinder. (Press . to maintain the ray.) Grinder gestures at you.
You suddenly lose the ability to move!
Grinder hits you!
You writhe in agony.
Grinder hits you.
You writhe in agony.
* * * LOW HITPOINT WARNING * * *
You can move again.
Casting: Searing Ray (safe; 1% risk of failure)
Confirm with . or Enter, or press ? or * to list all spells.
You don't have enough magic to cast this spell.
Unknown command.
You feel better. Grinder hits you!
* * * LOW HITPOINT WARNING * * *
You writhe in agony.
* * * LOW HITPOINT WARNING * * *
Casting: Searing Ray (safe; 1% risk of failure)
Confirm with . or Enter, or press ? or * to list all spells.
Okay, then.
You sock Grinder! You burn Grinder. You claw Grinder.
Grinder is severely wounded.
Grinder completely misses you.
Grinder blinks!
You closely miss Grinder. Your kick misses Grinder.
Grinder is severely wounded.
Grinder says, "Just stop there for a second..."
Grinder hits you but does no damage.
You completely miss Grinder. You claw Grinder.
Grinder is almost dead.
Grinder hits you.
* * * LOW HITPOINT WARNING * * *
Grinder gestures at you. Pain shoots through your body!
You die...

#.#####........).......######.
####.#####...........#..#........
#.......##.......................
#.##.##.##..............#........
# #..#.##............###.######.
##.#.##............###.#
#.###.#.######............#
#.......# ########.#####
#####.###### ##@.....#
#.##...####5..#####
#...###.##.#.#.# ##.##
##..##.##.# #.# #.....# .# #.#
#..#### .. ##. .##. ... # .# #.
#... ## ## #...


You could see Grinder.

Vanquished Creatures
  A jelly (D:4)
  An orc wizard (D:3)
  An iguana (D:2)
  Natasha (D:4)
  5 adders
  3 dart slugs
  9 orcs
  8 endoplasms
  3 giant cockroaches
  7 goblins
  7 hobgoblins
  4 jackals (D:1)
  7 kobolds
  2 quokkas
  5 ball pythons
  10 bats
  A frilled lizard (D:1)
  7 rats
82 creatures vanquished.

Notes
Turn   | Place    | Note
-------+----------+-------------------------------------------
     0 | D:1      | purpskrrrp the Deep Elf Conjurer began the quest for the
                  | Orb.
     0 | D:1      | Reached XP level 1. HP: 10/10 MP: 6/6
   262 | D:1      | Reached XP level 2. HP: 15/15 MP: 6/8
   618 | D:1      | Reached XP level 3. HP: 18/19 MP: 10/10
  1160 | D:2      | Reached skill level 5 in Conjurations
  1284 | D:2      | Reached XP level 4. HP: 24/24 MP: 9/12
  2011 | D:2      | Identified 2 scrolls of acquirement
  2011 | D:2      | Acquired the amulet of Koymell {Spirit rF- Int+7 Stlth+}
  2019 | D:2      | Acquired purpskrrrp's Volume of the Glacier
  2024 | D:2      | Learned a level 2 spell: Searing Ray
  2028 | D:2      | Learned a level 3 spell: Hailstorm
  2110 | D:3      | Found a faded altar of an unknown god.
  2517 | D:3      | Gained mutation: You have a pair of small horns on your
                  | head. [potion of mutation]
  2517 | D:3      | Gained mutation: You have hidden genetic potential. [potion
                  | of mutation]
  2582 | D:3      | Found a hazy altar of Hepliaklqana.
  2982 | D:3      | Reached XP level 5. HP: 25/28 MP: 1/14
  3629 | D:4      | Noticed Natasha
  3634 | D:4      | Reached skill level 5 in Spellcasting
  3635 | D:4      | Killed Natasha
  3642 | D:4      | Gained mutation: You have sharp toenails. [hidden
                  | potential]
  4380 | D:4      | Noticed Grinder
  4384 | D:4      | Paralysed by Grinder for 5 turns
  4394 | D:4      | Paralysed by Grinder for 3 turns
  4400 | D:4      | Killed from afar by Grinder

Illustrated notes

Levels and vault maps discovered:
D:1:      dpeg_arrival_arbitrary_c, layout_basic
D:2:      layout_loops_ring, kennysheep_minor_cross
D:3:      minmay_chambers_of_twos, layout_loops_ring, overflow_temple_1_default,
          ebering_ecumenical_altar_petrified
D:4:      layout_loops_cross, gammafunk_temple_overflow_elements, dk_vineyard_3,
          uniq_grinder, uniq_natasha, uniq_duvessa

Skill      XL: |  1  2  3  4  5 |
---------------+----------------+-----
Dodging        | 3 4 |  4.6
Spellcasting   | 4 5 |  5.4
Conjurations   | 5 |  5.8
Stealth        | |  2.4

Action                   |  1- 3 |  4- 6 || total
-------------------------+-------+-------++-------
Melee: Unarmed           |     1 |       ||     1
       Great mace        |    25 |    25 ||    50
       Headbutt          |       |     3 ||     3
       Kick              |       |     5 ||     5
 Cast: Magic Dart        |    59 |    69 ||   128
       Searing Ray       |       |    10 ||    10
       Hailstorm         |       |     2 ||     2
  Use: Scroll            |       |    15 ||    15
       Potion            |       |     2 ||     2
Armor: Robe              |     7 |     6 ||    13
Dodge: Dodged            |    38 |    28 ||    66

Table legend: (Time is in decaauts)
 A = Elapsed time spent in this place.
 B = Non-inter-level travel time spent in this place.
 C = Inter-level travel time spent in this place.
 D = Time resting spent in this place.
 E = Time spent auto-exploring this place.
 F = Levels seen in this place.
 G = Mean time per level.
                   A        B        C        D        E       F      G
               +--------+--------+--------+--------+--------+-----+--------+
         Total |   4432 |   4236 |    196 |    844 |   2873 |   4 | 1108.0 |
       Dungeon |   4432 |   4236 |    196 |    844 |   2873 |   4 | 1108.0 |
               +--------+--------+--------+--------+--------+-----+--------+

Top non-repeatable levels by time:
     D:3: 1910 daAuts
     D:1: 1119 daAuts
     D:2: 993 daAuts
     D:4: 408 daAuts
